Map: Jagannatha LE

Players

MaNa

  • Race: Protoss Protoss

Reynor - Winner!

  • Race: Zerg Zerg

Event: DreamHack SC2 Masters 2021 Fall

VOD

Have the link to the VOD?

Description

Time

  • Played on: July 29, 2021, 2:45 p.m.
  • Length: 15:37

All games in this series

Show
View Real Time Build Order
Export as new Build Order

MaNa Protoss 

Build Orders: 1 Gate Expand, Oracle Opening, Carriers, Zealot Archon 

Get SALT Encoding   

  12  0:00  Probe  
  13  0:12  Probe  
  14  0:20  Pylon  
  14  0:24  Probe  
  15  0:38  Probe (Chrono Boost)  
  15  0:42  Gateway  
  16  0:47  Probe (Chrono Boost)  
  17  0:52  Assimilator, Probe (Chrono Boost)  
  18  1:04  Probe (Chrono Boost)  
  19  1:13  Probe (Chrono Boost)  
  20  1:27  Nexus  
  20  1:38  Cybernetics Core  
  20  1:41  Probe  
  21  1:48  Assimilator  
  21  1:53  Probe  
  22  1:58  Pylon  
  22  2:06  Probe  
  23  2:13  Adept (Chrono Boost)  
  23  2:18  Probe  
  23  2:21  Stargate  
  26  2:26  Warp Gate  
  26  2:30  Probe  
  26  2:34  Adept (Chrono Boost)  
  29  2:40  Probe  
  29  2:42  Probe  
  31  2:52  Probe  
  31  2:54  Probe  
  33  2:58  Void Ray  
  37  3:08  Probe x2  
  39  3:18  Gateway  
  39  3:20  Probe x2  
  41  3:32  Probe  
  41  3:33  Probe  
  43  3:43  Oracle  
  43  3:45  Pylon  
  46  4:03  Probe x2  
  46  4:04  Assimilator  
  46  4:06  Assimilator  
  45  4:15  Adept x2, Probe  
  45  4:16  Nexus  
  54  4:26  Probe  
  54  4:27  Probe  
  54  4:29  Robotics Facility  
  52  4:32  Pylon  
  52  4:36  Forge  
  52  4:37  Twilight Council  
  52  4:38  Probe  
  53  4:39  Probe  
  54  4:50  Probe  
  54  4:51  Probe  
  56  4:56  Adept x2  
  59  5:02  Probe  
  59  5:03  Probe  
  59  5:05  Protoss Ground Weapons Level 1 (Chrono Boost)  
  59  5:06  Charge  
  59  5:09  Pylon  
  59  5:15  Gateway  
  59  5:19  Gateway  
  59  5:21  Warp Prism (Chrono Boost)  
  61  5:29  Probe  
  61  5:30  Pylon  
  61  5:33  Probe x2  
  64  5:45  Probe  
  64  5:46  Probe x2  
  64  5:47  Shield Battery  
  67  5:50  Templar Archives  
  65  5:58  Probe x3  
  66  6:10  Probe x3  
  69  6:13  Zealot x4  
  69  6:16  Gateway  
  69  6:18  Observer  
  78  6:22  Probe x3  
  81  6:33  High Templar x3  
  81  6:34  High Templar, Probe  
  81  6:35  Gateway  
  81  6:36  Gateway  
  81  6:37  Gateway  
  81  6:38  Archon x2  
  89  6:41  Probe x2  
  89  6:45  Pylon  
  89  6:46  Probe  
  92  6:52  Pylon  
  92  6:53  Pylon  
  92  6:55  Probe  
  92  6:57  Assimilator  
  92  7:00  Assimilator  
  93  7:03  Probe  
  93  7:08  Zealot x3  
  100  7:18  Probe x2  
  100  7:21  Probe  
  93  7:29  Protoss Ground Weapons Level 2 (Chrono Boost), High Templar x4  
  97  7:30  High Templar x2  
  97  7:31  Probe x2  
  97  7:33  Archon x2  
  97  7:34  Archon, Zealot x2  
  107  7:45  Nexus  
  107  7:47  Photon Cannon  
  107  7:49  Pylon  
  107  7:50  Pylon  
  107  7:51  Pylon  
  107  7:53  Pylon  
  107  7:56  Pylon  
  107  7:58  Zealot x2  
  107  8:00  Probe x2  
  113  8:09  Zealot x6  
  121  8:18  Photon Cannon x2  
  121  8:19  Shield Battery  
  121  8:21  Gateway  
  121  8:23  Gateway, Zealot x2  
  124  8:31  High Templar x3  
  124  8:32  High Templar, Zealot x2  
  136  8:36  Archon  
  136  8:37  Archon  
  133  8:49  Zealot  
  133  8:50  Zealot  
  133  8:55  Zealot x2  
  121  9:05  Immortal  
  121  9:09  Probe x2  
  125  9:19  Robotics Facility  
  125  9:20  Phoenix  
  125  9:21  High Templar x4  
  125  9:22  Zealot x6  
  145  9:25  Probe x3  
  145  9:26  Archon x2  
  148  9:31  Psionic Storm  
  148  9:34  Photon Cannon  
  148  9:36  Photon Cannon  
  148  9:38  Probe x2  
  152  9:39  Photon Cannon  
  150  9:47  High Templar x2  
  154  9:56  Zealot x5  
  164  10:12  High Templar x2  
  164  10:13  Immortal (Chrono Boost)  
  162  10:14  Immortal (Chrono Boost)  
  156  10:21  Probe x2  
  156  10:22  Phoenix  
  156  10:23  Assimilator  
  156  10:24  Assimilator  
  160  10:31  Zealot  
  160  10:32  Photon Cannon  
  160  10:33  Gateway  
  162  10:40  Shield Battery  
  162  10:41  Observer  
  162  10:43  Pylon  
  162  10:44  Warp Prism  
  164  10:50  Protoss Ground Weapons Level 3 (Chrono Boost)  
  164  10:54  Pylon  
  164  10:55  Pylon  
  164  10:56  Pylon  
  164  11:00  Warp Prism  
  166  11:05  Fleet Beacon  
  166  11:06  Stargate  
  166  11:08  Phoenix  
  161  11:19  Stargate  
  161  11:28  Protoss Air Weapons Level 1 (Chrono Boost)  
  159  11:33  Stalker x3  
  159  11:37  Probe x3  
  159  11:38  Probe  
  155  11:48  Carrier x2 (Chrono Boost)  
  155  11:49  Probe x2  
  155  11:50  Probe x2  
  171  12:05  Carrier (Chrono Boost)  
  175  12:10  Observer  
  175  12:13  Nexus  
  175  12:15  Pylon x2  
  176  12:26  Pylon  
  174  12:34  Photon Cannon  
  174  12:36  Shield Battery  
  172  12:38  Shield Battery, Carrier (Chrono Boost)  
  172  12:39  Carrier (Chrono Boost)  
  184  12:48  High Templar x2  
  194  12:52  Carrier (Chrono Boost)  
  163  13:08  Immortal x2  
  163  13:09  Probe x2  
  163  13:10  Probe  
  174  13:20  Pylon  
  174  13:21  Zealot x2  
  173  13:36  Probe  
  173  13:38  High Templar x2  
  173  13:39  High Templar x2  
  178  13:41  Zealot x2  
  178  13:42  Archon x2  
  178  13:45  Probe x3  
  180  14:04  Zealot x5  
  179  14:29  High Templar x4  
  171  14:31  Zealot x5  
  171  14:34  Archon  
  165  14:40  Archon x2  
  137  15:03  Nexus  
  137  15:04  High Templar  
  137  15:05  High Templar x5  
  149  15:10  Archon  
  149  15:11  Archon x2  
  149  15:18  Archon  
Show
View Real Time Build Order
Export as new Build Order

Reynor Zerg - Winner!

Build Orders: Hatch First, Muta Ling Bane 

Get SALT Encoding   

  12  0:00  Drone  
  13  0:12  Overlord  
  13  0:17  Drone  
  14  0:30  Drone x2  
  16  0:42  Drone  
  17  0:52  Hatchery  
  17  0:55  Drone  
  17  0:58  Drone  
  18  1:09  Extractor  
  17  1:14  Spawning Pool  
  17  1:16  Drone  
  17  1:20  Drone  
  18  1:28  Drone  
  19  1:38  Drone  
  20  1:48  Overlord  
  20  2:01  Queen  
  20  2:04  Queen  
  20  2:05  Zergling x4  
  26  2:10  Drone  
  26  2:13  Metabolic Boost  
  26  2:14  Drone  
  28  2:22  Drone  
  29  2:26  Drone  
  30  2:37  Queen  
  32  2:47  Hatchery, Overlord  
  32  2:49  Drone  
  32  2:52  Drone  
  32  2:55  Drone  
  32  2:57  Drone  
  35  2:59  Drone  
  36  3:07  Queen  
  36  3:11  Zergling x4  
  39  3:13  Zergling x2  
  39  3:16  Overlord  
  39  3:19  Drone  
  40  3:23  Zergling x2  
  41  3:27  Spore Crawler  
  41  3:32  Drone x2  
  41  3:33  Drone  
  42  3:41  Drone  
  42  3:42  Drone  
  42  3:44  Queen  
  42  3:48  Overlord  
  45  3:49  Drone  
  45  3:52  Drone x2  
  45  3:54  Drone  
  48  4:03  Drone  
  48  4:04  Drone  
  48  4:06  Queen  
  48  4:09  Queen  
  50  4:14  Zergling x6  
  50  4:17  Drone  
  56  4:18  Drone  
  56  4:21  Overlord  
  56  4:23  Drone  
  58  4:28  Overlord  
  58  4:32  Evolution Chamber  
  58  4:33  Drone  
  58  4:38  Overlord  
  58  4:39  Drone x2  
  58  4:40  Drone  
  58  4:41  Drone  
  58  4:43  Drone  
  63  4:47  Spore Crawler x2  
  63  4:50  Spore Crawler  
  63  4:51  Drone  
  60  4:53  Drone  
  60  4:56  Drone x2  
  60  4:58  Drone x2  
  65  5:01  Zerg Melee Weapons Level 1  
  65  5:04  Zergling x6  
  67  5:09  Drone x4  
  67  5:13  Baneling Nest  
  67  5:14  Spore Crawler, Drone  
  71  5:17  Queen  
  72  5:21  Drone x2  
  72  5:22  Drone  
  72  5:25  Overlord  
  72  5:26  Drone x2  
  72  5:28  Zergling x2  
  78  5:29  Drone  
  78  5:30  Drone  
  78  5:34  Drone x2  
  82  5:37  Overlord  
  82  5:40  Overlord  
  82  5:44  Lair, Queen, Extractor  
  82  5:47  Overlord  
  82  5:49  Drone x3  
  86  5:50  Drone  
  86  5:54  Zergling x2  
  86  5:57  Zergling x12  
  89  6:02  Queen  
  89  6:03  Drone x3  
  94  6:12  Zergling x4  
  94  6:13  Zergling x2  
  97  6:18  Hatchery  
  97  6:21  Extractor, Drone x3  
  97  6:22  Drone  
  97  6:23  Extractor  
  97  6:24  Extractor, Drone x2  
  97  6:25  Spore Crawler  
  98  6:26  Extractor  
  98  6:27  Zergling x8  
  98  6:29  Overlord  
  100  6:37  Zergling x6  
  103  6:40  Roach Warren  
  103  6:41  Zergling x2  
  103  6:45  Zergling x4  
  105  6:47  Baneling x4  
  105  6:48  Queen  
  105  6:51  Baneling x3  
  105  6:52  Zergling x2  
  105  6:53  Zergling x4, Queen  
  112  6:56  Zergling x12  
  112  7:00  Overlord  
  118  7:05  Zergling x2  
  118  7:07  Overlord  
  119  7:09  Baneling x2  
  118  7:21  Drone  
  118  7:22  Zerg Melee Weapons Level 2, Drone  
  114  7:25  Drone  
  114  7:26  Evolution Chamber  
  114  7:28  Roach x6  
  114  7:29  Roach  
  127  7:31  Drone  
  127  7:32  Hatchery  
  127  7:37  Overlord  
  127  7:39  Drone  
  127  7:40  Spire  
  127  7:43  Roach  
  129  7:46  Overlord  
  129  7:47  Overseer  
  129  7:51  Drone  
  129  7:54  Drone, Evolution Chamber  
  129  7:58  Drone x3  
  133  8:02  Roach x3  
  133  8:04  Glial Reconstitution  
  137  8:08  Roach  
  137  8:09  Roach x2  
  137  8:12  Roach x2  
  146  8:15  Overlord  
  146  8:18  Overlord  
  146  8:21  Zerg Missile Weapons Level 1  
  145  8:30  Overlord  
  145  8:31  Overlord  
  145  8:36  Drone x4  
  145  8:37  Drone  
  150  8:42  Overlord  
  149  8:53  Roach x9  
  159  8:57  Roach x2  
  159  9:01  Queen  
  162  9:04  Roach x4  
  162  9:06  Overlord, Centrifical Hooks  
  170  9:13  Drone x2  
  170  9:14  Drone  
  171  9:19  Mutalisk x2  
  171  9:22  Overlord  
  174  9:26  Hatchery  
  174  9:27  Mutalisk x3  
  174  9:30  Drone x5  
  184  9:32  Extractor  
  184  9:37  Ravager  
  184  9:38  Overlord x2  
  184  9:47  Zergling x12  
  184  9:49  Pneumatized Carapace  
  184  9:51  Infestation Pit  
  184  9:52  Spore Crawler, Zergling x8  
  192  9:55  Overlord  
  192  9:56  Zergling x2  
  192  9:57  Zergling x8  
  197  10:05  Zergling x2  
  193  10:07  Zergling x4  
  193  10:08  Zergling x2  
  191  10:16  Zergling x8, Infestation Pit, Roach x2  
  191  10:17  Zerg Missile Weapons Level 2  
  191  10:20  Drone x4  
  198  10:26  Zergling x4  
  200  10:29  Zerg Ground Armor Level 1  
  200  10:35  Baneling x7  
  200  10:36  Baneling x13  
  200  10:44  Spore Crawler, Drone  
  200  10:55  Hive  
  197  11:15  Baneling  
  197  11:16  Baneling x21  
  197  11:18  Drone x5  
  200  11:20  Extractor  
  192  11:40  Zergling x14  
  199  11:50  Spore Crawler, Drone x3, Spine Crawler x2  
  199  11:52  Spine Crawler  
  199  11:54  Spine Crawler  
  195  12:01  Baneling x17  
  194  12:08  Spire  
  194  12:09  Adrenal Glands  
  194  12:12  Zerg Melee Weapons Level 3  
  194  12:14  Spore Crawler, Spine Crawler  
  191  12:16  Spine Crawler  
  190  12:24  Drone x2  
  190  12:27  Zergling x2  
  190  12:28  Zergling x14  
  173  13:02  Corruptor  
  173  13:03  Corruptor x7  
  185  13:07  Greater Spire  
  185  13:09  Zergling x36  
  200  13:12  Baneling  
  200  13:13  Baneling x2  
  200  13:14  Baneling x8  
  200  13:18  Hatchery  
  200  13:19  Drone  
  198  13:38  Corruptor x3  
  200  13:41  Extractor  
  200  13:43  Extractor, Spore Crawler  
  200  13:44  Spore Crawler x2  
  200  13:46  Spore Crawler  
  192  13:55  Corruptor x7  
  184  14:03  Zergling x32  
  198  14:13  Baneling x8  
  194  14:29  Zergling x2, Roach x6  
  194  14:30  Zergling x12  
  190  14:36  Zergling x8  
  190  14:37  Zergling x14  
  189  14:43  Zergling x2, Roach x4  
  189  14:44  Zergling x18  
  197  14:52  Zergling x4  
  197  14:56  Zergling x2, Roach x2  
  191  15:00  Ravager x7  
  191  15:04  Zergling x4  
  200  15:10  Zergling x6  
  200  15:11  Zergling x8  
  191  15:18  Zergling x4  

Tags
 
Add a new tag
Caveats
  • Supply blocks, unpowered buildings, or Contaminate may cause inaccurate times.
  • Supply counts are checked every 10 seconds.